 Dungeon Crawl Stone Soup version 0.24.0-13-gcf9b319 (webtiles) character file.

Game seed: 17944933707931854093, levelgen mode: deterministic

1688 Fang the Covered (level 9, -3/56 HPs)
             Began as a Gargoyle Fighter on Dec 17, 2019.
             Was a Follower of Trog.
             Slain by a water moccasin (5 damage)
             ... on level 6 of the Dungeon.
             The game lasted 00:06:45 (4504 turns).

Fang the Covered (Gargoyle Fighter)                 Turns: 4504, Time: 00:06:46

Health: -3/56      AC: 16    Str: 24    XL:     9   Next: 2%
Magic:  9/9        EV:  6    Int:  8    God:    Trog [*.....]
Gold:   355        SH: 11    Dex:  9    Spells: 8/8 levels left

rFire    . . .     SeeInvis .   a - +0 broad axe (flame)
rCold    . . .     Gourm    .   B - +1 shield
rNeg     + . .     Faith    .   b - +0 chain mail
rPois    ∞         Spirit   .   (no helmet)
rElec    +         Reflect  .   (no cloak)
rCorr    .         Harm     .   (no gloves)
MR       +....                  (no boots)
Stlth    ..........             (no amulet)
HPRegen  0.18/turn              k - ring of protection from magic
MPRegen  0.11/turn              (no ring)

@: no status effects
A: negative energy resistance 1, electricity resistance, unbreathing,
petrification resistance, rot immunity, AC +6
a: Berserk, Renounce Religion


You were on level 6 of the Dungeon.
You worshipped Trog.
Trog was aware of your devotion.
You were not hungry.

You visited 2 branches of the dungeon, and saw 8 of its levels.

You collected 355 gold pieces.

Inventory:

Hand Weapons
 a - a +0 broad axe of flaming (weapon)
 n - a +1 war axe
Armour
 b - a +0 chain mail (worn)
 B - a +1 shield (worn)
Jewellery
 k - a ring of protection from magic (left hand)
Wands
 l - a wand of random effects (29)
 p - a wand of polymorph (4)
Scrolls
 f - 6 scrolls of identify
 h - 3 scrolls of teleportation
 i - 3 scrolls of remove curse
Potions
 d - 2 potions of might
 e - 3 potions of haste {unknown}
 g - a potion of degeneration {unknown}
 j - 2 potions of ambrosia {unknown}
 m - a potion of heal wounds
 o - a potion of curing {unknown}
 r - a potion of mutation {unknown}
 s - 4 potions of flight
Comestibles
 c - 13 rations
 q - a chunk of flesh


   Skills:
 + Level 6.9 Fighting
 + Level 5.3 Axes
 + Level 7.0 Armour
 + Level 6.9 Shields


You had 8 spell levels left.
You didn't know any spells.
Your spell library contained the following spells:

 Spells                   Type           Power        Failure   Level  Hunger
 Confusing Touch          Hex            #.....       100%        1    ##.....
 Confuse                  Hex            #.......     100%        3    ####...
 Gell's Gravitas          Tloc           #.........   100%        3    ####...
 Petrify                  Tmut/Erth      #.......     100%        4    #####..
 Metabolic Englaciation   Hex/Ice        #.........   100%        5    ######.
 Yara's Violent Unravell  Hex/Tmut       #.........   100%        5    ######.


Dungeon Overview and Level Annotations

Branches:
Dungeon (7/15)             Temple (1/1) D:5

Altars:
Ashenzari
Dithmenos
Elyvilon
Gozag
Kikubaaqudgha
Qazlal
Sif Muna
Trog

Annotations:
D:6 2 transporters, petra's ghost, novice OpAs


Innate Abilities, Weirdness & Mutations

You are resistant to torment.
Your stone body is resilient. (AC +6)
You are immune to poison.
You resist negative energy. (rN+)
You are resistant to electric shocks. (rElec)
You can survive without breathing.
You are immune to petrification.
You are immune to rotting.


Message History

* * * LOW HITPOINT WARNING * * *
You block the water moccasin's attack.
Your shield and chain mail prevent you from hitting the water moccasin.
The water moccasin is moderately wounded.
The water moccasin bites you but does no damage. x2
You hit the water moccasin. You burn the water moccasin.
The water moccasin is heavily wounded.
You block the water moccasin's attack.
The water moccasin bites you but does no damage.
You hit the water moccasin. You burn the water moccasin.
The water moccasin is severely wounded.
You block the water moccasin's attack.
The water moccasin bites you but does no damage.
You closely miss the water moccasin.
The water moccasin is severely wounded.
The water moccasin bites you but does no damage. x2
You closely miss the water moccasin.
The water moccasin is severely wounded.
The water moccasin bites you.
You die...

#.....#...#................#
#.....#...########.......###
#.....#...#......#.......# ####
#.....#...#......#.......# ###...
'.....#...#......'.......# #_'...
#.....#...##....)#.......#####...
#.....#...##.....#.....÷...######
#.....#...#.....S+...............
#.....#...#.....@#...........[...
#.....#...#......#..........<....
#....(#...#......#..<........[...
#.....######.....#...............
..#+###..###...#######'##.)...>..
..#......#E#...#E#......#...)....
..#......###...###......#........
..#.....................+........
..#.........._...................


You could see a fire elemental and a water moccasin.

Vanquished Creatures
  Grinder (D:3)
  Edmund (D:6)
  2 sky beasts (D:5)
  A phantom (D:6)
  3 ogres
  A centaur (D:5)
  A gnoll sergeant (D:5)
  A wyvern skeleton (D:6)
  5 wights
  A crimson imp (D:5)
  A hound (D:4)
  A jelly (D:5)
  An orc priest (D:5)
  3 orc wizards (D:5)
  Ijyb (D:3)
  A bullfrog skeleton (D:5)
  2 hound skeletons (D:6)
  A worker ant zombie (D:5)
  11 adders
  A shadow imp (D:5)
  An ooze (D:4)
  An adder zombie (D:6)
  A worm (D:2)
  2 dart slugs
  3 leopard geckos
  6 orcs
  6 bats
  6 giant cockroaches
  6 goblins
  4 hobgoblins
  6 jackals
  2 kobolds
  3 quokkas
  7 frilled lizards
  2 quokka skeletons
  A quokka zombie (D:6)
  10 rats
107 creatures vanquished.

Notes
Turn   | Place    | Note
-------+----------+-------------------------------------------
     0 | D:1      | Fang the Gargoyle Fighter began the quest for the Orb.
     0 | D:1      | Reached XP level 1. HP: 14/14 MP: 1/1
   189 | D:1      | Reached XP level 2. HP: 19/19 MP: 2/2
   660 | D:2      | Reached XP level 3. HP: 23/23 MP: 3/3
   686 | D:2      | Found a shattered altar of Ashenzari.
   708 | D:2      | Found a faded altar of an unknown god.
   903 | D:2      | Found an ancient bone altar of Kikubaaqudgha.
  1052 | D:3      | Reached XP level 4. HP: 26/29 MP: 4/4
  1245 | D:3      | Reached skill level 4 in Armour
  1401 | D:3      | Noticed Grinder
  1594 | D:3      | Killed Grinder
  1594 | D:3      | Reached XP level 5. HP: 6/34 MP: 5/5
  1594 | D:3      | Reached XP level 6. HP: 7/39 MP: 6/6
  1664 | D:3      | Found an opulent altar of Gozag.
  2024 | D:3      | Noticed Ijyb
  2042 | D:3      | Killed Ijyb
  2188 | D:4      | Found a shadowy altar of Dithmenos.
  2270 | D:4      | Found a white marble altar of Elyvilon.
  2330 | D:4      | Found a bloodstained altar of Trog.
  2381 | D:4      | Became a worshipper of Trog the Wrathful
  2626 | D:5      | Entered Level 5 of the Dungeon
  2630 | D:5      | Reached skill level 5 in Fighting
  2630 | D:5      | Reached skill level 5 in Armour
  2631 | D:5      | Reached skill level 5 in Shields
  2631 | D:5      | Reached XP level 7. HP: 44/44 MP: 7/7
  2981 | D:5      | Found a staircase to the Ecumenical Temple.
  3018 | D:5      | Reached XP level 8. HP: 47/51 MP: 8/8
  3073 | Temple   | Entered the Ecumenical Temple
  3102 | D:5      | Reached skill level 6 in Armour
  3484 | D:6      | Reached * piety under Trog
  3656 | D:6      | Identified a scroll of acquirement
  3702 | D:6      | Found a stormy altar of Qazlal.
  3703 | D:6      | Noticed an air elemental
  3705 | D:6      | Noticed a water elemental
  3749 | D:6      | Noticed Edmund
  3764 | D:6      | Killed Edmund
  3856 | D:6      | Noticed petra's ghost (novice OpAs)
  3958 | D:6      | Reached skill level 5 in Axes
  4054 | D:6      | Found a transporter.
  4054 | D:6      | Found a transporter.
  4245 | D:6      | Found a shimmering blue altar of Sif Muna.
  4358 | D:6      | Reached skill level 7 in Armour
  4358 | D:6      | Reached XP level 9. HP: 41/56 MP: 9/9
  4498 | D:6      | HP: 2/56 [water moccasin (1)]
  4504 | D:6      | Slain by a water moccasin

Levels and vault maps discovered:
D:1:      zaba_arrival_water, layout_basic
D:2:      layout_rooms, kiku_gazebo_garden_becter, ashenzari_altar_1,
          chequers_ecumenical_altar_island, kennysheep_generic_room_12
D:3:      layout_basic, grunt_gozag_breadcrumbs, gup_sewer_entry_spiral,
          minmay_between, uniq_grinder, uniq_ijyb
D:4:      layout_cave_pools, nicolae_dithmenos_the_darkroom,
          overflow_temple_1_default, elyvilon_altar_5
D:5:      layout_cave_pods, minmay_temple_entry_offerings, first_ration,
          minmay_chambers_of_fives
D:6:      layout_gridville, lemuel_blue_sif_altar, gammafunk_ghost_arena,
          nicolae_qazlal_style_of_elements, uniq_edmund
D:7:      layout_basic, uniq_joseph
Temple:   regret_index_temple_generic_petals

Skill      XL: |  1  2  3  4  5  6  7  8 |
---------------+-------------------------+-----
Axes           | 2 3 4 5 |  5.3
Armour         | 4 5 7 |  7.0
Fighting       | 4 5 6 |  6.9
Shields        | 4 5 6 |  6.9

Action                   |  1- 3 |  4- 6 |  7- 9 || total
-------------------------+-------+-------+-------++-------
Melee: War axe           |   114 |   205 |   135 ||   454
       Broad axe         |       |       |   112 ||   112
  Use: Scroll            |     1 |       |     9 ||    10
       Potion            |       |       |     1 ||     1
  Eat: Chunk             |     1 |     5 |     7 ||    13
Armor: Scale mail        |    15 |       |       ||    15
       Chain mail        |    78 |   126 |   186 ||   390
Dodge: Dodged            |    46 |    58 |    73 ||   177
Block: Shield            |    93 |   116 |   132 ||   341
